 Dungeon Crawl Stone Soup version 0.26-a0-52-gd53d4cd058 (webtiles) character file.

Game seed: 12003039408656430250

44 Argons the Sneak (level 3, 0/19 HPs)
             Began as a Kobold Wizard on June 6, 2020.
             Slain by a worm (11 damage)
             ... on level 2 of the Dungeon.
             The game lasted 00:06:46 (1834 turns).

Argons the Sneak (Kobold Wizard)                    Turns: 1834, Time: 00:06:47

Health: 0/19       AC:  2    Str:  5    XL:     3   Next: 85%
Magic:  3/7        EV: 15    Int: 19    God:
Gold:   147        SH:  0    Dex: 13    Spells: 7/8 levels left

rFire    . . .     SeeInvis .   e - +3 dagger
rCold    . . .     Gourm    .   (shield restricted)
rNeg     . . .     Faith    .   a - +0 robe
rPois    .         Spirit   .   b - +0 hat
rElec    .         Reflect  .   (no cloak)
rCorr    .         Harm     .   (no gloves)
MR       .....                  (no boots)
Stlth    +++.......             (no amulet)
HPRegen  0.06/turn              (no ring)
MPRegen  0.10/turn              (no ring)

@: no status effects
A: small, carnivore
a: no special abilities


You were on level 2 of the Dungeon.
You were completely stuffed.

You visited 1 branch of the dungeon, and saw 2 of its levels.

You collected 147 gold pieces.

Inventory:

Hand Weapons
 e - a +3 dagger (weapon)
Missiles
 c - 39 arrows
 m - 24 sling bullets
Armour
 a - a +0 robe (worn)
 b - a +0 hat (worn)
 l - a +2 robe of resistance
Jewellery
 k - an uncursed ring of ice {unknown}
Scrolls
 g - 3 scrolls of identify {unknown}
 i - a scroll of enchant weapon {unknown}
 j - a scroll of enchant armour {unknown}
Potions
 f - a potion of stabbing {unknown}
Comestibles
 d - 4 rations


   Skills:
 + Level 2.1 Short Blades
 - Level 3.0 Dodging
 + Level 4.3 Stealth
 - Level 3.2 Spellcasting
 - Level 1.0 Conjurations
   Level 1.0 Summonings
   Level 1.0 Translocations


You had 7 spell levels left.
You knew the following spells:

 Your Spells              Type           Power        Failure   Level  Hunger
a - Magic Dart            Conj           #...         10%         1    None

Your spell library contained the following spells:

 Spells                   Type           Power        Failure   Level  Hunger
 Blink                    Tloc           N/A          16%         2    ##.....
 Call Imp                 Summ           #.......     16%         2    ##.....
 Slow                     Hex            #.......     22%         2    ##.....
 Conjure Flame            Conj/Fire      #.......     36%         3    ###....
 Mephitic Cloud           Conj/Pois/Air  #.......     36%         3    ###....


Dungeon Overview and Level Annotations

Branches:
Dungeon (2/15)

Altars:
Ashenzari
Fedhas


Innate Abilities, Weirdness & Mutations

You are small and have problems with some larger weapons.
You are carnivorous and can eat meat at any time.


Message History

Aiming: Magic Dart (safe; 10% risk of failure)
Press: ? - help, Shift-Dir - straight line, f/p - worm
Aim: a worm (moderately wounded)
The magic dart hits the worm but does no damage.
The worm is moderately wounded.
You barely miss the worm.
The worm is moderately wounded.
The worm bites you.
You barely miss the worm.
The worm is lightly wounded.
You hit the worm.
The worm is moderately wounded.
The worm bites you.
You hit the worm.
The worm is heavily wounded.
You hit the worm.
The worm is severely wounded.
The worm bites you!
Ouch! That really hurt!
You die...

.###.#.###########
..............#≈_#
.......######.##.#
####...#.......'.# ### #
#.........>.##.# <.##
##.##.##.....#≈_#....##
##..##.#......####.....#
#..###.#.......##......#
....##..........@w.....#
###...##...............#
###..................#
## #####.............##
.# ##).....)....## .##
#.###....#### ..#### #.#
#....# #..†.#####.#
#....# ####.....).#
######


You could see a worm.

Vanquished Creatures
  A worm (D:2)
  3 dart slugs
  2 leopard geckos (D:2)
  A giant cockroach (D:1)
  2 goblins (D:1)
  8 hobgoblins
  A ball python (D:1)
  3 bats (D:2)
  3 frilled lizards
  6 kobolds
  2 rats (D:2)
32 creatures vanquished.

Notes
Turn   | Place    | Note
-------+----------+-------------------------------------------
     0 | D:1      | Argons the Kobold Wizard began the quest for the Orb.
     0 | D:1      | Reached XP level 1. HP: 10/10 MP: 4/4
   316 | D:1      | Reached skill level 3 in Stealth
   480 | D:1      | Reached XP level 2. HP: 15/15 MP: 0/6
  1047 | D:2      | Reached skill level 1 in Short Blades
  1061 | D:2      | Reached XP level 3. HP: 16/19 MP: 5/7
  1314 | D:2      | Reached skill level 4 in Stealth
  1815 | D:2      | Found a shattered altar of Ashenzari.
  1815 | D:2      | Found a blossoming altar of Fedhas.
  1834 | D:2      | Slain by a worm

Illustrated notes

Levels and vault maps discovered:
D:1:      erik_arrival_orb_chamber, layout_basic, chequers_serial_rivers_small_b
D:2:      layout_rooms, gammafunk_temple_overflow_elements

Skill      XL: |  1  2  3 |
---------------+----------+-----
Stealth        | 3 4 |  4.3
Dodging        | 3 |  3.0
Short Blades   | 1 2 |  2.1
Spellcasting   | |  3.2
Conjurations   | |  1.0
Summonings     | |  1.0
Translocations | |  1.0

Action                   || total
-------------------------++-------
Melee: Dagger            ||    48
 Cast: Magic Dart        ||    68
 Stab: Sleeping          ||     4
  Eat: Chunk             ||    11
Armor: Robe              ||     5
Dodge: Dodged            ||    22

Table legend:
 A = Non-vault XP
 B = Vault XP
 C = Vault XP percentage of total XP
 D = Non-vault monster count
 E = Vault monster count
 F = Vault count percentage of total count
                 A         B        C        D         E       F
            +---------+---------+-------+---------+---------+-------
      Total |      63 |       0 |   0.0 |      32 |       0 |   0.0
            +---------+---------+-------+---------+---------+-------
        D:1 |      23 |       0 |   0.0 |      12 |       0 |   0.0
        D:2 |      40 |       0 |   0.0 |      20 |       0 |   0.0
            +---------+---------+-------+---------+---------+-------
